 Dungeon Crawl Stone Soup version 0.29-a0-330-g52719c12eb (webtiles) character file.

Game seed: 2169948565784690304

329 kae the Firebug (level 6, -1/48 HPs)
             Began as a Demigod Fire Elementalist on May 11, 2022.
             Slain by Natasha (6 damage)
             ... on level 4 of the Dungeon.
             The game lasted 00:03:18 (5053 turns).

kae the Firebug (Demigod Fire Elementalist)         Turns: 5053, Time: 00:03:18

Health: -1/48      AC:  3    Str:  9    XL:     6   Next: 4%
Magic:  9/12       EV: 12    Int: 25    God:
Gold:   158        SH:  0    Dex: 14    Spells: 4/10 levels left

rFire   . . .      SeeInvis .   d - +0 war axe (venom)
rCold   . . .      Faith    .   (no shield)
rNeg    . . .      Spirit   .   a - +1 robe
rPois   .          Reflect  .   (no helmet)
rElec   .          Harm     .   c - scarf {+Inv}
rCorr   .          Rampage  .   (no gloves)
Will    .....                   (no boots)
Stlth   ++........              (no amulet)
HPRegen 0.16/turn               (no ring)
MPRegen 0.13/turn               (no ring)

@: slowed, very slow
A: high MP 1, forlorn, divine attributes
a: Evoke Invisibility


You were on level 4 of the Dungeon.
You visited 1 branch of the dungeon, and saw 4 of its levels.

You collected 195 gold pieces.
You spent 37 gold pieces at shops.

Inventory:

Hand Weapons
 d - a +0 war axe of venom (weapon)
Armour
 a - a +1 robe (worn)
 c - a scarf of invisibility (worn)
Scrolls
 n - a scroll of fog
Potions
 b - a potion of magic
 e - 3 potions of degeneration
 f - a potion of flight
 g - 2 potions of curing
 h - 2 potions of heal wounds
 i - 2 potions of might
 j - a potion of invisibility
 l - a potion of ambrosia {unknown}


   Skills:
 + Level 2.1 Fighting
 + Level 2.8 Dodging
 + Level 3.1 Stealth
 + Level 2.6 Spellcasting
 + Level 2.3 Conjurations
 + Level 3.6 Fire Magic


You had 4 spell levels left.
You knew the following spells:

 Your Spells              Type           Power      Damage    Failure   Level
a - Foxfire               Conj/Fire      72%        2x1d7     3%          1
b - Scorch                Fire           42%        2d7       3%          2
c - Conjure Flame         Conj/Fire      18%        6-21      9%          3

Your spell library contained the following spells:

 Spells                   Type           Power      Damage    Failure   Level
 Animate Skeleton         Necr           6%         N/A       11%         1
 Apportation              Tloc           6%         N/A       11%         1
 Summon Small Mammal      Summ           12%        N/A       11%         1
 Inner Flame              Hex/Fire       12%        N/A       16%         3
 Flame Wave               Conj/Fire      18%        2d6       30%         4


Dungeon Overview and Level Annotations

Branches:
Dungeon (4/15)
 Temple: D:4-7

Shops:
D:1 [*[!(   D:4 [

Annotations:
D:4 1 transporter, Edmund, Natasha


Innate Abilities, Weirdness & Mutations

You have an increased reservoir of magic. (+10% MP)
You shall have no god before yourself.
Your divine heritage dramatically boosts your attributes as you level up.


Message History

Natasha casts a spell at you. The magic dart hits you!
Casting: Scorch (safe; 3% risk of failure)
Confirm with . or Enter, or press ? or * to list all spells.
You conjure some foxfire!
Natasha stares at you and mumbles some strange words.
You feel yourself slow down.
The foxfire hits Natasha but does no damage.
The foxfire hits Natasha.
Natasha is lightly wounded.
Casting: Foxfire (safe; 3% risk of failure)
Confirm with . or Enter, or press ? or * to list all spells.
You conjure some foxfire!
Natasha stares at you and mumbles some strange words.
You feel as though you will be slow longer.
Natasha howls an incantation.
Natasha's front paws start to glow.
Natasha casts a spell at you. The magic dart hits you.
* * * LOW HITPOINT WARNING * * *
The foxfire hits Natasha.
Natasha is moderately wounded.
The foxfire hits Natasha.
Natasha is heavily wounded.
Natasha mewls in sadness.
Casting: Foxfire (safe; 3% risk of failure)
Confirm with . or Enter, or press ? or * to list all spells.
You conjure some foxfire!
The foxfire hits Natasha.
Natasha is severely wounded.
The foxfire hits Natasha.
Natasha is almost dead.
Natasha claws you.
* * * LOW HITPOINT WARNING * * *
Casting: Foxfire (safe; 3% risk of failure)
Confirm with . or Enter, or press ? or * to list all spells.
You conjure some foxfire!
Natasha claws you.
* * * LOW HITPOINT WARNING * * *
Natasha claws you.
You die...

#.# #.# #.# #.#
#.# #.# ##h# #v@#
### #######v##
#.. ........#
##.# #######.#
... ........#
#.###########.#
###$##.......<..#
.......$..#####.#
###.##.##.# #.#


You could see Natasha (ally target).

Vanquished Creatures
  A centaur (D:4)
  A necrophage (D:3)
  A hound (D:4)
  4 gnolls (D:2)
  7 adders
  A dart slug (D:1)
  3 endoplasms
  7 giant cockroaches
  4 goblins
  6 hobgoblins
  2 quokkas (D:3)
  3 ball pythons
  7 bats
  5 frilled lizards
  6 kobolds
  5 rats
63 creatures vanquished.

Vanquished Creatures (others)
  212 foxfires
212 creatures vanquished.

Grand Total: 275 creatures vanquished

Notes
Turn   | Place    | Note
-------+----------+-------------------------------------------
     0 | D:1      | kae the Demigod Fire Elementalist began the quest for the
                  | Orb.
     0 | D:1      | Reached XP level 1. HP: 14/14 MP: 5/5
   335 | D:1      | Reached skill level 1 in Conjurations
   389 | D:1      | Found Boibaij's Distillery.
   408 | D:1      | Bought a potion of degeneration for 12 gold pieces
   555 | D:1      | Found Uxum's Antique Armour Emporium.
   617 | D:1      | Found Vaaqusaa's Antique Armour Boutique.
   855 | D:1      | Found Taivoec's Assorted Antiques.
  1197 | D:1      | Found Naumnur's Antique Weapon Boutique.
  1200 | D:1      | Reached XP level 2. HP: 22/22 MP: 5/7
  1784 | D:2      | Learned a level 2 spell: Scorch
  2046 | D:2      | Reached XP level 3. HP: 27/27 MP: 5/8
  2281 | D:2      | Reached skill level 1 in Fighting
  2759 | D:2      | Reached XP level 4. HP: 32/35 MP: 7/10
  3365 | D:3      | Learned a level 3 spell: Conjure Flame
  3562 | D:1      | Bought a scroll labelled UMAEFOHOOSCH for 25 gold pieces
  4118 | D:3      | Noticed a necrophage
  4127 | D:3      | Killed a necrophage
  4128 | D:3      | Reached XP level 5. HP: 23/41 MP: 1/11
  4802 | D:4      | Noticed Edmund
  4909 | D:4      | Found a transporter.
  4924 | D:4      | Noticed a centaur
  4937 | D:4      | Killed a centaur
  4938 | D:4      | Reached XP level 6. HP: 7/48 MP: 5/12
  4968 | D:4      | Found Zut Koth's Armour Shop.
  5045 | D:4      | Noticed Natasha
  5053 | D:4      | Slain by Natasha

Illustrated notes

Levels and vault maps discovered:
D:1:      dpeg_arrival_houses_and_road, layout_loops_corners, serial_shops,
          nicolae_shop_hallway_stairs, nicolae_shop_behind_doors, shop,
          nicolae_shop_hallway_stairs, nicolae_shop_overgrown_old_shop
D:2:      layout_basic, minmay_tetromino_s2
D:3:      layout_basic, basic_ecumenical_altar
D:4:      gammafunk_steamed_eel, layout_loops_ring,
          nicolae_overflow_crystal_walls, serial_shops, shop,
          nicolae_shop_statue_plus, gup_sewer_entry_glass, glass_columns_a,
          uniq_blork_the_orc, uniq_natasha, uniq_edmund

Skill      XL: |  1  2  3  4  5 |
---------------+----------------+-----
Conjurations   | 1 2 |  2.3
Stealth        | 2 3 |  3.1
Dodging        | 2 |  2.8
Spellcasting   | 2 |  2.6
Fire Magic     | 3 |  3.6
Fighting       | 1 2 |  2.1

Action                   |  1- 3 |  4- 6 || total
-------------------------+-------+-------++-------
Melee: War axe           |     2 |     3 ||     5
 Cast: Foxfire           |    77 |    54 ||   131
       Scorch            |     2 |    17 ||    19
       Conjure Flame     |       |     1 ||     1
  Use: Scroll            |     6 |     9 ||    15
Armor: Robe              |     3 |     8 ||    11
Dodge: Dodged            |    15 |    32 ||    47

Table legend: (Time is in decaauts)
 A = Elapsed time spent in this place.
 B = Non-inter-level travel time spent in this place.
 C = Inter-level travel time spent in this place.
 D = Time resting spent in this place.
 E = Time spent auto-exploring this place.
 F = Levels seen in this place.
 G = Mean time per level.
                   A        B        C        D        E       F      G
               +--------+--------+--------+--------+--------+-----+--------+
         Total |   5059 |   4783 |    276 |    159 |   3979 |   4 | 1264.8 |
       Dungeon |   5059 |   4783 |    276 |    159 |   3979 |   4 | 1264.8 |
               +--------+--------+--------+--------+--------+-----+--------+

Top non-repeatable levels by time:
     D:2: 2128 daAuts
     D:3: 1374 daAuts
     D:1: 1342 daAuts
     D:4: 214 daAuts
